 Dungeon Crawl Stone Soup version 0.20-a0-689-g860b9ab (webtiles) character file.

445 polly the Shield-Bearer (level 7, -10/43 HPs)
             Began as a Gargoyle Fighter on Feb 20, 2017.
             Mangled by Zazen's ghost (18 damage)
             ... on level 3 of the Dungeon.
             The game lasted 00:02:28 (2405 turns).

polly the Shield-Bearer (Gargoyle Fighter)          Turns: 2405, Time: 00:02:29

Health: -10/43     AC: 11    Str: 21    XL:     7   Next: 3%
Magic:  7/7        EV:  8    Int:  8    God:
Gold:   112        SH: 10    Dex: 10    Spells: 6/6 levels left

rFire    . . .     SeeInvis .   n - +2 whip (venom)
rCold    . . .     Gourm    .   b - +0 scale mail
rNeg     + . .     Faith    .   c - +0 shield
rPois    ∞         Spirit   .   (no helmet)
rElec    +         Reflect  .   (no cloak)
rCorr    .         Harm     .   (no gloves)
MR       .....                  (no boots)
Stlth    ..........             r - amulet of regeneration
Regen    0.2/turn               (no ring)
MPRegen  0.1/turn               (no ring)

@: no status effects
A: negative energy resistance 1, electricity resistance, unbreathing,
petrification resistance, rot immunity, AC +4
a: no special abilities


You were on level 3 of the Dungeon.
You were not hungry.

You visited 1 branch of the dungeon, and saw 3 of its levels.

You collected 112 gold pieces.

Inventory:

Hand Weapons
 n - a +2 whip of venom (weapon)
Armour
 b - a +0 scale mail (worn)
 c - a +0 shield (worn)
Jewellery
 r - an amulet of regeneration (around neck)
Wands
 i - a wand of random effects (22/48)
Scrolls
 g - a scroll of teleportation
 j - a scroll of fear
 k - a scroll of enchant weapon {unknown}
 l - 2 scrolls of identify
 m - a scroll of blinking {unknown}
 p - 2 scrolls of magic mapping {unknown}
 q - a scroll of remove curse {unknown}
Potions
 d - a potion of might
 e - 2 potions of invisibility {unknown}
 h - a potion of flight {unknown}
 s - a potion of haste {unknown}
Comestibles
 a - 4 fruits
 f - a bread ration
 o - a meat ration


   Skills:
 + Level 4.2 Fighting
 + Level 4.3 Maces & Flails
 + Level 4.1 Armour
 + Level 1.6 Dodging
 + Level 1.0 Stealth
 + Level 5.4 Shields


You had 6 spell levels left.
You didn't know any spells.

Dungeon Overview and Level Annotations

Branches:
Dungeon (3/15)

Altars:
Gozag

Annotations:
D:3 Zazen's ghost, amateur DsGl


Innate Abilities, Weirdness & Mutations

You are resistant to torment.
Your stone body is resilient. (AC +4)
You are immune to poison.
You resist negative energy. (rN+)
You are resistant to electric shocks. (rElec)
You can survive without breathing.
You are immune to petrification.
You are immune to rotting.


Message History

Zazen's ghost turns its malevolent gaze towards you.
Zazen's ghost is nearby!
You are too injured to fight recklessly!
Zazen's ghost says, "You will join me soon!"
There is a stone staircase leading up here.
You hear the slow rusting of a distant drain.
You hit Zazen's ghost.
Zazen's ghost is lightly damaged.
Zazen's ghost shouts, "You must not fail where I succeeded!"
Zazen's ghost hits you!
* * * LOW HITPOINT WARNING * * *
You closely miss Zazen's ghost.
Zazen's ghost is lightly damaged.
Zazen's ghost hits you.
* * * LOW HITPOINT WARNING * * *
Zazen's ghost hits you.
* * * LOW HITPOINT WARNING * * *
There is a stone staircase leading up here.
Zazen's ghost hits you!!
You die...

#.#
#......#######
#.#
#.............
#.#
#.############
#.# #........#
#.# #.######.#
#.# #.# #.#
#.#
#.###.###.#
#....@....#
#####.W.###
###.# #.# #.#
... ..# #..#
...#


You could see Zazen's ghost.

Vanquished Creatures
  Sigmund (D:2)
  An ogre (D:3)
  Natasha (thrice) (D:2)
  4 gnolls (D:2)
  3 adders
  An ooze (D:2)
  A worm (D:2)
  A dart slug (D:1)
  A leopard gecko (D:1)
  2 giant cockroaches
  3 goblins (D:2)
  7 hobgoblins
  2 jackals (D:2)
  A quokka (D:2)
  A ball python (D:3)
  4 bats
  6 frilled lizards
  4 kobolds
46 creatures vanquished.

Vanquished Creatures (others)
  A bat (D:1)
  A frilled lizard (D:1)
  A rat (D:1)
3 creatures vanquished.

Grand Total: 49 creatures vanquished

Notes
Turn   | Place    | Note
-------+----------+-------------------------------------------
     0 | D:1      | polly the Gargoyle Fighter began the quest for the Orb.
     0 | D:1      | Reached XP level 1. HP: 14/14 MP: 1/1
   363 | D:1      | Reached XP level 2. HP: 19/19 MP: 2/2
  1090 | D:2      | Noticed Natasha
  1096 | D:2      | Killed Natasha
  1096 | D:2      | Reached XP level 3. HP: 16/23 MP: 3/3
  1147 | D:2      | Found an opulent altar of Gozag.
  1173 | D:2      | Reached XP level 4. HP: 23/29 MP: 4/4
  1198 | D:2      | Reached skill level 4 in Shields
  1657 | D:2      | Noticed Natasha
  1663 | D:2      | Killed Natasha
  1663 | D:2      | Reached XP level 5. HP: 28/33 MP: 5/5
  1684 | D:2      | Noticed Sigmund
  1714 | D:2      | Killed Sigmund
  1714 | D:2      | Reached skill level 1 in Dodging
  1714 | D:2      | Reached skill level 5 in Shields
  1714 | D:2      | Reached XP level 6. HP: 17/38 MP: 6/6
  1807 | D:2      | Noticed Natasha
  1829 | D:2      | Killed Natasha
  2278 | D:3      | Reached skill level 1 in Stealth
  2312 | D:3      | Reached XP level 7. HP: 11/43 MP: 7/7
  2398 | D:3      | Noticed Zazen's ghost (amateur DsGl)
  2405 | D:3      | Mangled by Zazen's ghost

Vault maps used:
D:1:      matt_arrival_diagonals, lemuel_another_geyser
D:2:      lemuel_doored_altar, amethyst_killhole, lemuel_flame_loot_1,
          uniq_natasha, uniq_sigmund
D:3:      lemuel_round_altar, first_bread, gup_sewer_entry_bubbles, uniq_jessica

Skill      XL: |  1  2  3  4  5  6 |
---------------+-------------------+-----
Maces & Flails | 3 4 |  4.3
Shields        | 4 5 |  5.4
Fighting       | 4 |  4.2
Armour         | 4 |  4.1
Dodging        | 1 |  1.6
Stealth        | 1 |  1.0

Action                   |  1- 3 |  4- 6 |  7- 9 || total
-------------------------+-------+-------+-------++-------
Melee: Flail             |    93 |    29 |       ||   122
       Whip              |       |    76 |    10 ||    86
  Use: Scroll            |       |     2 |       ||     2
  Eat: Royal jelly       |       |     1 |       ||     1
       Chunk             |       |     1 |     2 ||     3
Armor: Scale mail        |    52 |    40 |     1 ||    93
Dodge: Dodged            |    33 |    23 |     2 ||    58
Block: Shield            |    49 |    61 |     3 ||   113
